Map: 16-Bit LE

Players

Clem - Winner!

  • Race: Terran Terran
  • Spawn Location: 1:00

Poizon

  • Race: Protoss Protoss
  • Spawn Location: 7:00

Event: WCS Austin 2018

VOD

Have the link to the VOD?

Description

Time

  • Played on: June 1, 2018, 4:06 p.m.
  • Length: 6:55

All games in this series

Show
View Real Time Build Order
Export as new Build Order

Clem Terran - Winner!

Build Orders: Command Center First (CC), MMM Bio 

Get SALT Encoding   

  12  0:00  SCV  
  13  0:13  SCV  
  14  0:18  Supply Depot  
  14  0:25  SCV  
  15  0:39  SCV  
  16  0:51  SCV  
  17  1:01  Command Center  
  17  1:05  SCV  
  18  1:15  Barracks  
  19  1:18  SCV  
  19  1:30  SCV  
  20  1:36  Barracks  
  20  1:42  SCV  
  21  1:47  Barracks  
  21  1:54  SCV  
  22  2:02  Marine  
  22  2:08  Orbital Command  
  23  2:13  Orbital Command  
  23  2:20  Marine  
  24  2:29  Marine  
  25  2:34  SCV  
  26  2:37  Refinery, Marine  
  26  2:38  Refinery, Marine  
  26  2:41  SCV  
  29  2:46  SCV  
  29  2:47  Marine  
  31  2:55  Supply Depot, Marine  
  31  2:56  Marine  
  31  2:57  SCV  
  34  2:59  SCV  
  36  3:09  Engineering Bay  
  36  3:10  Barracks Tech Lab  
  36  3:12  Marine, SCV x2  
  37  3:16  Marine  
  37  3:18  Supply Depot  
  39  3:24  SCV x2  
  41  3:29  Stimpack, Marine  
  41  3:31  Barracks Tech Lab  
  42  3:34  Marine  
  42  3:36  SCV  
  42  3:38  SCV, Missile Turret  
  45  3:48  Terran Infantry Weapons Level 1, SCV  
  45  3:49  Marine  
  45  3:50  Marine, SCV  
  45  3:55  Supply Depot  
  49  4:00  SCV  
  49  4:01  Barracks Reactor  
  49  4:02  SCV  
  51  4:06  Marine  
  51  4:08  Marine  
  53  4:11  Refinery  
  53  4:13  SCV  
  53  4:14  SCV  
  53  4:21  Missile Turret  
  53  4:24  Marine  
  53  4:25  SCV  
  53  4:26  Marine  
  53  4:27  Combat Shields  
  56  4:31  SCV  
  56  4:37  Marine x2, SCV  
  60  4:42  Supply Depot  
  60  4:48  Marauder  
  60  4:49  Factory  
  62  4:55  Supply Depot  
  62  5:01  Refinery  
  62  5:03  Marauder, Marine x2, SCV  
  62  5:04  SCV  
  62  5:06  Supply Depot  
  68  5:12  Marauder  
  70  5:17  SCV x2  
  70  5:21  Marine x2  
  74  5:25  Marauder  
  75  5:29  SCV  
  75  5:30  SCV  
  75  5:33  Marauder  
  75  5:34  Starport, Supply Depot  
  75  5:35  Factory Reactor  
  79  5:39  Marine x2  
  81  5:45  Supply Depot  
  81  5:46  Marauder, SCV x2  
  84  5:54  Marine  
  84  5:57  Marine x2  
  85  6:07  Barracks  
  85  6:08  Marauder, Barracks  
  85  6:09  Supply Depot  
  87  6:14  Marine x2  
  87  6:15  Marauder  
  91  6:18  Factory Reactor  
  91  6:23  Medivac x2  
  91  6:29  Marauder  
  93  6:33  Marine x2  
  97  6:40  Supply Depot  
  95  6:53  Supply Depot x2  
  95  6:54  Supply Depot  
Show
View Real Time Build Order
Export as new Build Order

Poizon Protoss 

Build Orders: 1 Gate Expand, Oracle Opening 

Get SALT Encoding   

  12  0:00  Probe  
  13  0:16  Pylon  
  13  0:18  Probe  
  14  0:33  Probe  
  15  0:35  Gateway  
  15  0:42  Assimilator  
  15  0:46  Probe  
  16  0:58  Probe  
  17  1:10  Probe  
  18  1:22  Cybernetics Core  
  18  1:38  Nexus  
  18  1:43  Assimilator  
  18  1:47  Probe  
  19  1:59  Probe  
  20  2:11  Probe  
  21  2:22  Stargate  
  21  2:24  Probe, Warp Gate  
  21  2:36  Pylon  
  21  2:37  Probe  
  22  2:49  Probe  
  22  2:50  Probe  
  24  2:54  Adept  
  26  2:59  Oracle  
  26  3:01  Probe  
  26  3:02  Probe  
  28  3:08  Gateway  
  31  3:20  Gateway  
  31  3:27  Probe  
  31  3:29  Probe  
  33  3:38  Pylon  
  33  3:40  Probe  
  34  3:42  Stalker  
  34  3:45  Probe  
  37  3:51  Oracle  
  37  3:53  Probe  
  41  4:02  Probe  
  42  4:08  Probe  
  43  4:15  Probe  
  44  4:20  Probe  
  42  4:27  Probe  
  43  4:34  Probe  
  43  4:36  Assimilator  
  43  4:38  Assimilator  
  44  4:39  Probe  
  44  4:42  Sentry  
  44  4:43  Sentry, Pylon  
  44  4:44  Stalker  
  51  4:49  Probe  
  51  4:52  Probe  
  53  4:55  Pylon  
  53  4:58  Pylon  
  53  5:01  Probe  
  53  5:03  Twilight Council  
  53  5:05  Robotics Facility, Probe  
  55  5:10  Adept  
  55  5:14  Stalker  
  59  5:16  Probe  
  60  5:34  Probe  
  61  5:36  Adept x2  
  61  5:37  Adept  
  61  5:40  Probe  
  68  5:46  Probe  
  69  6:01  Gateway, Pylon  
  69  6:02  Gateway, Probe, Pylon  
  70  6:19  Probe  
  75  6:32  Adept x2  
  73  6:33  Adept  
  73  6:38  Gateway  
  67  6:41  Gateway x2  
Tags
 
Add a new tag
Caveats
  • Supply blocks, unpowered buildings, or Contaminate may cause inaccurate times.
  • Supply counts are checked every 10 seconds.